 Dungeon Sprint DCSS version 0.21.1-1-g345015f (webtiles) character file.

739 Fang the Fighter (level 7, -3/74 HPs)
             Began as a Minotaur Berserker on June 23, 2018.
             Was a Priest of Trog.
             Slain by a merfolk
             ... wielding a +0 trident
              (10 damage)
             ... in the Dungeon (Sprint V: "Ziggurat Sprint").
             The game lasted 00:01:59 (592 turns).

Fang the Fighter (Minotaur Berserker)                Turns: 592, Time: 00:01:59

Health: -3/74      AC: 15    Str: 30    XL:     7   Next: 46%
Magic:  15/15      EV: 11    Int:  6    God:    Trog [***...]
Gold:   0          SH:  0    Dex: 13    Spells: 6/6 levels left

rFire    . . .     SeeInvis .   l - +5 demon trident
rCold    . . .     Gourm    .   (no shield)
rNeg     . . .     Faith    .   b - +3 plate armour {MR+}
rPois    .         Spirit   .   (helmet restricted)
rElec    .         Reflect  .   (no cloak)
rCorr    .         Harm     .   (no gloves)
MR       +....     NoTele   +   (no boots)
Stlth    ..........             (no amulet)
HPRegen  0.22/turn              a - ring of the Priest {*Contam MP+9 Int+2 Dex+4}
MPRegen  0.14/turn              F - +6 ring of strength

@: berserk cooldown, slowed, very slow
A: retaliatory headbutt, horns 2
a: Berserk, Trog's Hand, Burn Spellbooks, Renounce Religion


You were in the Dungeon.
You worshipped Trog.
Trog was most pleased with you.
You were hungry.

You visited 1 branch

Inventory:

Hand Weapons
 k - a +5 executioner's axe
 l - a +5 demon trident (weapon)
Armour
 b - a +3 plate armour of magic resistance (worn)
Jewellery
 a - the ring of the Priest (left hand) {*Contam MP+9 Int+2 Dex+4}
   (You found it in the Dungeon)

   [ring of magical power]

   It affects your intelligence (+2).
   It affects your dexterity (+4).
   It affects your magic capacity (+9).
   It causes magical contamination when unequipped.
 F - a +6 ring of strength (right hand)
Wands
 x - a wand of disintegration (7)
 y - a wand of iceblast (7)
 z - a wand of acid (7)
Scrolls
 i - 4 scrolls of blinking
 m - 7 scrolls of fog
 n - a scroll of holy word
 o - 5 scrolls of identify
 p - 5 scrolls of remove curse
 q - 2 scrolls of fear
Potions
 d - 10 potions of curing
 e - 10 potions of heal wounds
 f - 6 potions of haste
 g - 7 potions of magic
 h - 3 potions of berserk rage
 r - 2 potions of brilliance
 s - 2 potions of invisibility
 t - 4 potions of resistance
 v - 5 potions of agility
 w - 5 potions of might
Comestibles
 c - 7 rations


   Skills:
 + Level 11.5 Fighting
 + Level 11.3(12.2) Axes
 + Level 7.7(10.6) Polearms
 + Level 5.5 Armour
 + Level 7.2 Dodging
 + Level 3.7 Stealth


You had 6 spell levels left.
You didn't know any spells.

Dungeon Overview and Level Annotations

Branches:
Dungeon (1/1)

Altars:
Ashenzari
Cheibriados
Dithmenos
Elyvilon
Fedhas
Gozag
Hepliaklqana
Kikubaaqudgha
Makhleb
Nemelex Xobeh
Okawaru
Qazlal
Ru
Sif Muna
Trog
Uskayaw
Vehumet
Wu Jian
Xom
Yredelemnul
Zin
The Shining One
Beogh
Jiyva
Lugonu

Annotations:
D 1 transporter


Innate Abilities, Weirdness & Mutations

You reflexively headbutt those who attack you in melee.
You have a pair of horns on your head.


Message History

Unknown command.
The merfolk barely misses you.
The merfolk hits you but does no damage.
The merfolk barely misses you.
The merfolk hits you but does no damage.
The merfolk barely misses you.
The merfolk hits you from afar with a trident!!
* * * LOW HITPOINT WARNING * * *
The merfolk hits you with a trident!
* * * LOW HITPOINT WARNING * * *
Attack whom?
Press: ? - help, Dir - move target cursor, f - merfolk
Aim: a merfolk, wielding a trident You impale the merfolk!!
The merfolk is heavily wounded.
The merfolk barely misses you. The merfolk completely misses you.
The merfolk hits you with a trident!
* * * LOW HITPOINT WARNING * * *
The merfolk hits you with a trident!
You die...

▓▓▓▓▓▓▓▓▓▓▓▓▓▓▓▓▓▓▓
▓.8©8.▓.8©8.▓.8©8.▓
▓.:}|.▓.|.|.▓.....▓
▓..[..▓.....▓.[.=.▓
▓..m..▓.....▓.)...▓
▓.m.m.▓.....▓..)..▓
▓..@m.▓.....▓..©..▓
▓..©..▓..©..▓▓▓▓▓▓▓
▓▓▓▓▓▓▓▓▓▓▓▓▓


You could see 4 merfolk.

Vanquished Creatures
  A slime creature (D)
  Sigmund (D)
  A golden eye (D)
  An eye of draining (D)
  Jessica (D)
5 creatures vanquished.

Notes
Turn   | Place    | Note
-------+----------+-------------------------------------------
     0 | D        | Found the +6 Majin-Bo {vamp, Archmagi MP+6 Int+6}
     0 | D        | Found the +7 great mace "Firestarter" {inner flame, rF++}
     0 | D        | Fang the Minotaur Berserker began the quest for the Orb.
     0 | D        | Reached XP level 1. HP: 19/19 MP: 0/0
     3 | D        | Found a blossoming altar of Fedhas.
     4 | D        | Found a viscous altar of Jiyva.
     4 | D        | Found a hazy altar of Hepliaklqana.
     4 | D        | Found a transporter.
     4 | D        | Found an opulent altar of Gozag.
     4 | D        | Found an ancient bone altar of Kikubaaqudgha.
     4 | D        | Found a corrupted altar of Lugonu.
    10 | D        | Found a burning altar of Makhleb.
    11 | D        | Found a stormy altar of Qazlal.
    11 | D        | Found a sacrificial altar of Ru.
    11 | D        | Found an iron altar of Okawaru.
    11 | D        | Found a deep blue altar of Sif Muna.
    11 | D        | Found a sparkling altar of Nemelex Xobeh.
    11 | D        | Found a bloodstained altar of Trog.
    77 | D        | Entered arena 2.
    77 | D        | Noticed Sigmund
    77 | D        | Noticed Jessica
    77 | D        | Found a transporter.
    80 | D        | Killed Jessica
    80 | D        | Reached skill level 5 in Fighting
    80 | D        | Reached skill level 5 in Axes
    80 | D        | Reached skill level 1 in Polearms
    80 | D        | Reached XP level 2. HP: 29/29 MP: 1/1
    82 | D        | Killed Sigmund
    82 | D        | Reached ** piety under Trog
    82 | D        | Reached XP level 3. HP: 41/41 MP: 2/2
    82 | D        | Reached XP level 4. HP: 49/49 MP: 3/3
    82 | D        | Reached XP level 5. HP: 56/56 MP: 4/4
   115 | D        | Got the ring of the Priest {*Contam MP+9 Int+2 Dex+4}
   146 | D        | Entered arena 3.
   146 | D        | Noticed a golden eye
   146 | D        | Noticed an eye of draining
   146 | D        | Noticed a slime creature
   146 | D        | Found a transporter.
   161 | D        | Reached skill level 10 in Fighting
   161 | D        | Reached skill level 10 in Axes
   161 | D        | Reached XP level 6. HP: 21/66 MP: 5/5
   166 | D        | Killed a slime creature
   166 | D        | Reached XP level 7. HP: 7/73 MP: 0/6
   178 | D        | Reached skill level 5 in Armour
   187 | D        | Killed a golden eye
   572 | D        | Reached *** piety under Trog
   585 | D        | Entered arena 4.
   585 | D        | Noticed a merfolk
   585 | D        | Noticed a merfolk
   585 | D        | Noticed a merfolk
   585 | D        | Noticed a merfolk
   585 | D        | Found a transporter.
   592 | D        | Slain by a merfolk

Skill      XL: |  1  2  3  4  5  6  7 |
---------------+----------------------+-----
Fighting       | 5 8 10 11 | 11.5
Axes           | 5 8 10 11 | 11.3
Polearms       | 1 3 6 7 |  7.7
Armour         | 3 4 5 |  5.5
Dodging        | 3 4 6 7 |  7.2
Stealth        | 3 |  3.7

Action                   |  1- 3 |  4- 6 |  7- 9 || total
-------------------------+-------+-------+-------++-------
Melee: Demon trident     |     3 |     7 |     6 ||    16
       Headbutt          |       |     4 |     4 ||     8
Invok: Berserk           |     1 |       |     1 ||     2
       Burn Spellbooks   |       |       |     1 ||     1
  Use: Potion            |       |     1 |       ||     1
Armor: Shadow dragon sca |     1 |       |       ||     1
       Plate armour      |       |     3 |     4 ||     7
Dodge: Dodged            |       |     4 |     7 ||    11
